 Dungeon Crawl Stone Soup version 0.28-a0-793-g31680bbd8b (webtiles) character file.

Game seed: 12383265107423391441

7467 a11behringer the Fencer (level 10, 0/91 HPs)
             Began as a Minotaur Fighter on Nov 5, 2021.
             Was an Elder of Okawaru.
             Slain by a centaur (1 damage)
             ... in a bailey.
             The game lasted 00:34:47 (8949 turns).

a11behringer the Fencer (Minotaur Fighter)          Turns: 8949, Time: 00:34:48

Health: 0/91       AC: 23    Str: 22    XL:     10   Next: 94%
Magic:  9/9        EV:  7    Int:  5    God:    Okawaru [****..]
Gold:   558        SH:  7    Dex: 18    Spells: 9/9 levels left

rFire   . . .      SeeInvis .   K - +4 scimitar
rCold   . . .      Faith    .   c - +0 buckler
rNeg    . . .      Spirit   .   N - +0 plate armour
rPois   +          Reflect  .   (helmet restricted)
rElec   .          Harm     .   G - +1 cloak {rPois}
rCorr   .          Rampage  .   n - +0 pair of gloves
Will    .....                   x - +0 pair of boots
Stlth   ..........              (no amulet)
HPRegen 0.25/turn               y - +6 ring of dexterity
MPRegen 0.11/turn               v - +4 ring of protection

@: on berserk cooldown, slowed, studying Shields, very slow
A: horns 2, retaliatory headbutt
a: Renounce Religion, Heroism, Finesse


You were in a bailey.
You worshipped Okawaru.
Okawaru was greatly pleased with you.
You visited 2 branches of the dungeon, and saw 9 of its levels.
You also visited: Ossuary and Bailey.

You collected 558 gold pieces.

Inventory:

Hand Weapons
 a - a +0 long sword
 d - a +0 shortbow
 k - a +0 dagger of holy wrath
 p - a +3 dagger
 C - a +0 hunting sling
 K - a +4 scimitar (weapon)
Missiles
 e - 121 bolts
 f - 50 sling bullets
 i - 137 arrows
 m - 14 boomerangs (quivered)
 u - 5 atropa-tipped darts
 A - 2 throwing nets
Armour
 b - a +0 scale mail
 c - a +0 buckler (worn)
 g - a +1 tower shield
 n - a +0 pair of gloves (worn)
 t - a +0 chain mail
 x - a +0 pair of boots (worn)
 G - a +1 cloak of poison resistance (worn)
 J - +0 swamp dragon scales
 N - a +0 plate armour (worn)
Jewellery
 o - a ring of protection from cold
 r - a ring of magical power
 v - a +4 ring of protection (right hand)
 y - a +6 ring of dexterity (left hand)
Wands
 I - a wand of acid (5)
 O - a wand of flame (20)
Scrolls
 B - 6 scrolls of identify
 D - a scroll of immolation
 M - 3 scrolls of teleportation {unknown}
 P - a scroll of fog {unknown}
 Q - a scroll of amnesia
 R - a scroll of magic mapping
Potions
 h - 2 potions of magic
 j - 3 potions of degeneration
 s - 3 potions of mutation
 w - 2 potions of lignification
 z - 2 potions of resistance
 E - a potion of cancellation
 F - 7 potions of curing
 H - 4 potions of brilliance
 L - 2 potions of ambrosia {unknown}


   Skills:
 + Level 9.0 Fighting
 * Level 15.1 Long Blades
 + Level 9.0 Armour
 - Level 0.1 Dodging
 + Level 9.6 Shields
 + Level 0.8 Invocations


You had 9 spell levels left.
You didn't know any spells.
Your spell library contained the following spells:

 Spells                   Type           Power      Damage    Failure   Level
 Stone Arrow              Conj/Erth      0%         3d7       100%        3
 Lehudib's Crystal Spear  Conj/Erth      0%         10d2      100%        8
 Animate Armour           Summ/Erth      Unusable   N/A       N/A         4

Dungeon Overview and Level Annotations

Branches:
Dungeon (8/15)             Temple (1/1) D:5            Lair (0/6) D:8
Ossuary (visited)          Bailey (1/1)

Altars:
Ashenzari
Cheibriados
Dithmenos
Elyvilon
Fedhas
Gozag
Hepliaklqana
Kikubaaqudgha
Makhleb
Nemelex Xobeh
Okawaru
Qazlal
Ru
Sif Muna
Trog
Uskayaw
Vehumet
Wu Jian
Xom
Yredelemnul
Zin
The Shining One
Beogh

Shops:
D:5 (


Innate Abilities, Weirdness & Mutations

You have a pair of horns on your head.
You reflexively headbutt those who attack you in melee.


Message History

The centaur hits you but does no damage.
The centaur kicks you but does no damage.
The orc warrior hits you but does no damage.
The orc hits you but does no damage.
You hit the centaur.
You headbutt the centaur, but do no damage.
The centaur is moderately wounded.
The centaur hits you with a +0 trident!
* * * LOW HITPOINT WARNING * * *
The centaur kicks you but does no damage.
The centaur hits you but does no damage.
The centaur kicks you but does no damage.
The orc warrior hits you but does no damage.
The orc splashes around in the water.
The centaur hits you but does no damage.
You slash the centaur!
You kill the centaur!
Okawaru accepts your kill.
The centaur throws a javelin.
The javelin closely misses you.
The orc warrior hits you from afar with a +0 spear.
* * * LOW HITPOINT WARNING * * *
The orc hits you but does no damage.
Your Fighting skill increases to level 9!
The centaur throws a javelin.
The javelin pierces through you.
* * * LOW HITPOINT WARNING * * *
You block the centaur's attack. The centaur barely misses you.
Unknown command.
You block the centaur's attack.
The centaur kicks you but does no damage.
The orc warrior hits you from afar with a +0 spear.
* * * LOW HITPOINT WARNING * * *
The centaur barely misses you. You furiously retaliate!
You headbutt the centaur, but do no damage.
The centaur kicks you but does no damage.
You hit the centaur.
You headbutt the centaur, but do no damage.
The centaur is moderately wounded.
The centaur hits you but does no damage.
The centaur kicks you.
You die...

...≈≈≈≈≈≈≈.....≈.≈≈
..≈≈≈)≈≈≈))...≈.≈≈
.≈≈≈?≈≈≈)....≈.≈≈
.≈≈≈:≈≈≈.....≈.≈≈
.≈≈≈≈≈≈≈.....≈.≈≈
.≈≈≈≈o≈≈....≈≈.≈
..≈≈≈o≈.....≈.≈≈
..≈≈≈≈≈).⌠.≈≈.≈≈
...≈o≈c@...≈o≈≈≈
...o.....≈≈≈.≈≈≈
≈≈.....≈≈≈..≈≈≈≈
.≈≈≈.≈≈≈..≈≈≈≈≈≈
≈.......≈≈≈≈≈≈≈≈
≈≈≈≈≈≈≈≈≈≈≈≈≈≈≈#
≈≈≈≈≈≈≈≈≈≈≈≈≈≈##
###############


You could see 2 orc warriors, a centaur and 3 orcs.

Vanquished Creatures
  Pikel (D:7)
  A manticore (D:7)
  Maurice (D:8)
  Maggie (D:7)
  Prince Ribbit (D:5)
  A wyvern (D:8)
  A steam dragon (D:7)
  Menkaure (D:7)
  A water moccasin (D:7)
  Duvessa (D:7)
  An ice beast (D:5)
  7 orc warriors (Bailey)
  2 sky beasts
  4 ogres
  3 necrophages
  6 centaurs
  2 lemures (D:7)
  A kobold brigand (D:7)
  2 phantoms (D:7)
  Blork the orc (D:5)
  2 bullfrogs
  12 scorpions
  Dowan (D:7)
  6 killer bees (D:8)
  5 wights (D:7)
  2 howler monkeys
  4 crimson imps (D:4)
  2 jellies
  A bullfrog zombie (D:5)
  5 centaur zombies
  4 orc priests
  2 hounds
  Crazy Yiuf (D:6)
  4 bullfrog skeletons
  A centaur skeleton (D:4)
  2 gnoll shamans
  2 iguanas (D:6)
  7 orc wizards
  4 scorpion zombies (Ossuary)
  3 mummies (Ossuary)
  14 gnolls
  13 adders
  A shadow imp (D:5)
  A worm (D:3)
  3 dart slugs
  57 orcs
  9 bats
  4 endoplasms
  5 giant cockroaches
  4 gnoll zombies (Ossuary)
  3 goblins
  5 hobgoblins
  5 jackals
  8 quokkas
  7 ball pythons
  3 frilled lizards
  2 hobgoblin zombies (Ossuary)
  8 kobolds
  2 kobold zombies (Ossuary)
  An orc zombie (Ossuary)
  3 rats (D:2)
267 creatures vanquished.

Vanquished Creatures (others)
  5 fungi (D:6)
  A plant (D:5)
6 creatures vanquished.

Grand Total: 273 creatures vanquished

Notes
Turn   | Place    | Note
-------+----------+-------------------------------------------
     0 | D:1      | a11behringer the Minotaur Fighter began the quest for the
                  | Orb.
     0 | D:1      | Reached XP level 1. HP: 19/19 MP: 0/0
   133 | D:1      | Reached XP level 2. HP: 25/27 MP: 1/1
   814 | D:2      | Identified a scroll of acquirement
   814 | D:2      | Acquired a manual of Shields
   884 | D:2      | Reached XP level 3. HP: 33/33 MP: 2/2
   961 | D:2      | You fall into a shaft and drop 1 floor!
   992 | D:3      | Reached skill level 3 in Long Blades
  1748 | D:3      | Reached XP level 4. HP: 36/40 MP: 3/3
  1776 | D:3      | Reached skill level 4 in Long Blades
  1856 | D:3      | Found a sparkling altar of Nemelex Xobeh.
  1896 | D:3      | Reached XP level 5. HP: 23/46 MP: 4/4
  2146 | D:3      | Reached skill level 5 in Shields
  2289 | D:3      | Noticed a sky beast
  2296 | D:3      | Killed a sky beast
  2297 | D:3      | Reached skill level 5 in Long Blades
  2297 | D:3      | Reached XP level 6. HP: 27/53 MP: 5/5
  2548 | D:3      | Reached skill level 5 in Armour
  2758 | D:3      | Found a faded altar of an unknown god.
  2931 | D:4      | Reached skill level 6 in Long Blades
  3575 | D:4      | Reached XP level 7. HP: 59/60 MP: 6/6
  3589 | D:4      | Found a shimmering altar of Xom.
  3594 | D:4      | Reached skill level 7 in Long Blades
  3618 | D:4      | Reached skill level 5 in Fighting
  3651 | D:4      | Found a sacrificial altar of Ru.
  4009 | D:5      | Entered Level 5 of the Dungeon
  4110 | D:5      | Found a staircase to the Ecumenical Temple.
  4129 | Temple   | Entered the Ecumenical Temple
  4285 | Temple   | Became a worshipper of Warmaster Okawaru
  4305 | D:5      | Noticed Blork the orc
  4312 | D:5      | Killed Blork the orc
  4313 | D:5      | Reached skill level 8 in Long Blades
  4339 | D:5      | Found Zadoffa's Weapon Boutique.
  4655 | D:5      | Reached XP level 8. HP: 50/68 MP: 7/7
  4685 | D:5      | Noticed Prince Ribbit
  4706 | D:5      | Killed Prince Ribbit
  4707 | D:5      | Reached skill level 9 in Long Blades
  4845 | D:5      | Found a blossoming altar of Fedhas.
  4914 | D:5      | Reached skill level 10 in Long Blades
  4916 | D:5      | Reached * piety under Okawaru
  5875 | D:6      | Found a white marble altar of Elyvilon.
  5944 | D:6      | Reached XP level 9. HP: 59/73 MP: 8/8
  5977 | D:6      | Found a runed translucent door.
  5978 | D:6      | Noticed Crazy Yiuf
  5985 | D:6      | Killed Crazy Yiuf
  5986 | D:6      | Reached skill level 11 in Long Blades
  6116 | D:6      | Found a glowing golden altar of the Shining One.
  6625 | D:7      | Noticed Maggie
  6642 | D:7      | Killed Maggie
  6642 | D:7      | Reached ** piety under Okawaru
  6756 | D:7      | Reached skill level 12 in Long Blades
  6834 | D:7      | Noticed Pikel
  6856 | D:7      | Killed Pikel
  6878 | D:7      | Reached skill level 13 in Long Blades
  7061 | D:7      | Noticed Menkaure
  7063 | D:7      | Killed Menkaure
  7063 | D:7      | Reached *** piety under Okawaru
  7105 | D:7      | Reached XP level 10. HP: 86/86 MP: 9/9
  7131 | D:7      | Noticed a manticore
  7144 | D:7      | Killed a manticore
  7562 | D:7      | Found a runed translucent door.
  7611 | D:7      | Noticed Dowan
  7613 | D:7      | Noticed Duvessa
  7621 | D:7      | Killed Duvessa
  7623 | D:7      | Killed Dowan
  8243 | D:8      | Reached skill level 14 in Long Blades
  8292 | D:8      | Found a sand-covered staircase.
  8304 | Ossuary  | Entered an ossuary
  8524 | Ossuary  | Reached **** piety under Okawaru
  8644 | D:8      | Noticed Maurice
  8658 | D:8      | Killed Maurice
  8690 | D:8      | Found a flagged portal.
  8695 | Bailey   | Entered a bailey
  8876 | Bailey   | Reached skill level 15 in Long Blades
  8947 | Bailey   | HP: 4/91 [centaur/javelin (5)]
  8948 | Bailey   | HP: 1/91 [orc warrior (3)]
  8949 | Bailey   | Slain by a centaur

Illustrated notes

Levels and vault maps discovered:
D:1:      evilmike_arrival_plus, layout_loops_ring
D:2:      cheibrodos_old_hovel, layout_basic, nicolae_underground_beach
D:3:      minmay_razor_zed, layout_rooms, nicolae_overflow_crystal_walls,
          hellmonk_ecumenical_altar_defaced_shrine
D:4:      layout_loops_ring, led_xom_imps, hangedman_ru_absence
D:5:      minmay_octagon_keep, layout_gridville, fedhas_ov_isle_minmay,
          minmay_temple_entry_wispy, serial_shops, nicolae_shop_waterfront,
          fountainhead, minmay_misc_feat_doors, minmay_misc_feat_hallway,
          uniq_blork_the_orc, uniq_prince_ribbit1
D:6:      layout_basic, mainiacjoe_overflow_paths, nicolae_tso_carved_into_rock,
          uniq_crazy_yiuf_cottage
D:7:      layout_loops_corners, hangedman_abyss_or_decor_lesser_grid,
          lightli_church_of_beogh, uniq_maggie, uniq_duvessa, uniq_pikel,
          uniq_menkaure
D:8:      layout_rooms, erik_lair_dragon, chequers_ossuary_entry_cave,
          enter_bailey_1, eino_jars, uniq_maurice, uniq_psyche
Temple:   eino_temple_rhombus
Bailey:   bailey_polearm_flooded_kennysheep, bailey

Skill      XL: |  1  2  3  4  5  6  7  8  9 10 |
---------------+-------------------------------+-----
Shields        | 4 5 6 7 8 9 |  9.6
Armour         | 4 5 6 7 8 9 |  9.0
Fighting       | 4 5 6 7 9 |  9.0
Long Blades    | 3 4 5 6 8 10 13 15 | 15.1
Dodging        | |  0.1
Invocations    | |  0.8

Action                   |  1- 3 |  4- 6 |  7- 9 | 10-12 || total
-------------------------+-------+-------+-------+-------++-------
Melee: Long sword        |    78 |   123 |   288 |       ||   489
       Headbutt          |    12 |    18 |    91 |    72 ||   193
       Scimitar          |       |       |     5 |   235 ||   240
Throw: Boomerang         |       |       |       |     2 ||     2
Invok: Heroism           |       |       |     1 |     4 ||     5
  Use: Scroll            |     2 |     6 |     6 |     1 ||    15
       Potion            |       |       |     1 |     4 ||     5
 Stab: Invisible         |       |       |     1 |       ||     1
Armor: Scale mail        |    48 |    24 |       |       ||    72
       Chain mail        |       |    53 |   118 |    42 ||   213
       Plate armour      |       |       |       |   134 ||   134
Dodge: Dodged            |    46 |    40 |    75 |    91 ||   252
Block: Buckler           |    28 |    35 |    61 |   109 ||   233

Table legend: (Time is in decaauts)
 A = Elapsed time spent in this place.
 B = Non-inter-level travel time spent in this place.
 C = Inter-level travel time spent in this place.
 D = Time resting spent in this place.
 E = Time spent auto-exploring this place.
 F = Levels seen in this place.
 G = Mean time per level.
                   A        B        C        D        E       F      G
               +--------+--------+--------+--------+--------+-----+--------+
         Total |   8890 |   7489 |   1401 |      0 |   5752 |  11 |  808.2 |
       Dungeon |   8187 |   6824 |   1363 |      0 |   5523 |   8 | 1023.4 |
        Temple |    173 |    135 |     38 |      0 |    121 |   1 |  173.0 |
       Ossuary |    287 |    287 |      0 |      0 |      0 |   1 |  287.0 |
        Bailey |    241 |    241 |      0 |      0 |    108 |   1 |  241.0 |
               +--------+--------+--------+--------+--------+-----+--------+

Top non-repeatable levels by time:
     D:7: 1630 daAuts
     D:3: 1424 daAuts
     D:5: 1387 daAuts
     D:4: 1228 daAuts
     D:6: 910 daAuts
     D:1: 764 daAuts
     D:2: 693 daAuts
 Ossuary: 287 daAuts
  Bailey: 241 daAuts
  Temple: 173 daAuts
     D:8: 147 daAuts
